 Dungeon Crawl Stone Soup version 0.15-a0-1485-g692b94f (console) character file.

62 Sabretooth the Scratcher (level 3, -1/17 HPs)
             Began as a Felid Fighter on June 14, 2014.
             Was an Initiate of Cheibriados.
             Slain by a kobold
             ... wielding a +0,+2 whip
              (5 damage)
             ... on Level 4 of the Dungeon.
             The game lasted 00:01:52 (377 turns).

Sabretooth the Scratcher (Felid Fighter)             Turns: 377, Time: 00:01:53

HP  -1/17        AC  1     Str 14      XL: 3   Next: 85%
MP   5/5         EV 19     Int 10      God: Cheibriados [......]
Gold 46          SH  0     Dex 16      Spells:  0 memorised,  2 levels left
Lives: 0, deaths: 0

rFire  . . .     SeeInvis +       - Unarmed
rCold  . . .     Clarity  .     (armour unavailable)
rNeg   . . .     rCorr    .     (shield unavailable)
rPois  .         rRot     .     (helmet unavailable)
rElec  .         Spirit   .     (cloak unavailable)
SustAb .         Warding  .     (gloves unavailable)
rMut   .         Stasis   .     (boots unavailable)
Gourm  .                        (no amulet)
MR     .....                    (no ring)
                                (no ring)

@: lethally poisoned, short of breath, slowed, very slow, not resistant to
hostile enchantments, unstealthy
A: paw claws, no armour, no weapons or thrown items, fangs 3, see invisible,
carnivore 3, speed 1, shaggy fur 1, slow metabolism 1, jump 1
a: Jump Attack, Bend Time, Renounce Religion


You were on level 4 of the Dungeon.
You worshipped Cheibriados.
Cheibriados was noncommittal.
You were very full.

You visited 2 branches of the dungeon, and saw 5 of its levels.

You collected 46 gold pieces.

Inventory:

Comestibles
 d - a meat ration
Scrolls
 a - a scroll of fear {unknown}
 b - a scroll of identify {unknown}
 g - a scroll of enchant armour {unknown}
Potions
 e - a potion of might
 f - a potion of paralysis {unknown}
 h - a potion of agility {unknown}


   Skills:
 - Level 3.0 Fighting
 - Level 4.0 Dodging
 + Level 5.5 Unarmed Combat
 + Level 0.0 Invocations


You had 2 spell levels left.
You didn't know any spells.

Dungeon Overview and Level Annotations

Branches:
Dungeon (4/15)             Temple (1/1) D:4

Altars:
Cheibriados
Dithmenos
Gozag
Kikubaaqudgha
Makhleb
Nemelex Xobeh
Okawaru
Xom

Annotations:
D:3 Sigmund


Innate Abilities, Weirdness & Mutations

You cannot wear armour.
You are incapable of wielding weapons or throwing items.
Your paws have sharp claws.
You have razor-sharp teeth.
You have supernaturally acute eyesight.
You are carnivorous and can eat meat at any time.
You cover ground quickly.
You are covered in fur (AC +1).
You have a slow metabolism.
You can jump attack at a short distance.


Message History

There is a staircase to the Ecumenical Temple here.
Things that are here:
a curare-tipped needle; 2 stones The kobold shoots a curare-tipped needle.
The curare-tipped needle hits you.
You are lethally poisoned!
You have difficulty breathing.
You feel yourself slow down.
You completely miss the kobold.
* * * LOW HITPOINT WARNING * * *
You feel sick. The kobold misses you.
The kobold shoots a curare-tipped needle.
The curare-tipped needle barely misses you.
You closely miss the kobold. The kobold completely misses you.
The kobold completely misses you.
You closely miss the kobold.
* * * LOW HITPOINT WARNING * * *
You feel sick.
The kobold unwields an uncursed blowgun.
The kobold misses you. The kobold hits you with a whip.
You die...

.....# .....# .# #
#..#.##.#... ..
#..#....#.... ..
#.............
#.#+#######...#.#K....
#............#.#.#..
#.........'.#.#K#K#
..........#..#.>@#
#........#.#(#.#.#
#........#..#.#.#..
..#)#+#####..(#.#....#
#.#...........)....#
#.......(............
#.................##
#....####.#.......
#.................


You could see 2 kobolds.

Vanquished Creatures
  A hound (D:4)
  2 adders (D:4)
  A bat (D:4)
  2 goblins
  3 hobgoblins
  3 kobolds
  A quokka (D:4)
  A rat (D:1)
14 creatures vanquished.

Notes
Turn   | Place    | Note
--------------------------------------------------------------
     0 | D:1      | Sabretooth, the Felid Fighter, began the quest for the Orb.
     0 | D:1      | Reached XP level 1. HP: 10/10 MP: 2/2
   109 | D:2      | Reached XP level 2. HP: 14/14 MP: 3/3
   146 | D:3      | Noticed Sigmund
   158 | D:3      | Found a burning altar of Makhleb.
   226 | D:4      | Reached skill level 5 in Unarmed Combat
   226 | D:4      | Reached XP level 3. HP: 8/17 MP: 5/5
   343 | D:4      | Found a staircase to the Ecumenical Temple.
   343 | D:4      | Noticed a sky beast
   349 | Temple   | Entered the Ecumenical Temple
   362 | Temple   | Became a worshipper of Cheibriados the Contemplative
   377 | D:4      | Slain by a kobold

Action                   || total
-------------------------++-------
Melee: Unarmed           ||    65
  Use: Potion            ||     1
 Stab: Sleeping          ||     1
